 Dungeon Crawl Stone Soup version 0.23-a0-143-g1adec7bb76 (webtiles) character file.

12090 MirrMurr the Spear-Bearer (level 11, 0/117 HPs)
             Began as an Octopode Berserker on Sept 5, 2018.
             Was an Elder of Trog.
             Slain by a killer bee (3 damage)
             ... on level 10 of the Dungeon.
             The game lasted 00:23:59 (12210 turns).

MirrMurr the Spear-Bearer (Octopode Berserker)     Turns: 12210, Time: 00:24:00

Health: 0/117      AC:  2    Str: 22    XL:     11   Next: 87%
Magic:  0/11       EV: 19    Int:  9    God:    Trog [****..]
Gold:   898        SH:  5    Dex: 15    Spells: 10/10 levels left

rFire    . . .     SeeInvis .   a - +1 trident
rCold    . . .     Gourm    .   y - +0 buckler
rNeg     + . .     Faith    .   E - +1 hat {MR+}
rPois    .         Spirit   +   x - amulet of guardian spirit
rElec    .         Reflect  .   A - ring of positive energy
rCorr    .         Harm     .   (no ring)
MR       +....                  (no ring)
Stlth    ..........             (no ring)
HPRegen  0.29/turn              (no ring)
MPRegen  0.12/turn              (no ring)
                                (no ring)
                                (no ring)

@: berserking, lethally poisoned (0 -> -1), very quick
A: almost no armour, stealthy swim, amphibious, 8 rings, constrict 8, camouflage
1, gelatinous body 1
a: Berserk, Trog's Hand, Brothers in Arms, Renounce Religion


You were on level 10 of the Dungeon.
You worshipped Trog.
Trog was greatly pleased with you.
You were near starving.

You visited 1 branch of the dungeon, and saw 12 of its levels.

You collected 898 gold pieces.

Inventory:

Hand Weapons
 a - a +1 trident (weapon)
 b - a +0 hunting sling
 w - a +2 dagger of venom
Missiles
 d - 8 needles of sleeping
 e - 289 stones (quivered)
 g - 30 poisoned needles
 v - 38 sling bullets
 z - 111 bolts
Armour
 y - a +0 buckler (worn)
 E - a +1 hat of magic resistance (worn)
Jewellery
 k - an uncursed ring of fire
 x - an amulet of guardian spirit (around mantle)
 A - a ring of positive energy (left tentacle)
Wands
 j - a wand of disintegration (12)
Scrolls
 o - 8 scrolls of teleportation
 r - 2 scrolls of remove curse
 u - 3 scrolls of fog
Potions
 f - 2 potions of haste
 h - a potion of invisibility {unknown}
 i - 2 potions of flight
 l - a potion of brilliance {unknown}
 m - 3 potions of resistance
 n - 2 potions of agility
 p - 5 potions of curing
 q - 4 potions of lignification
 s - 2 potions of heal wounds
 B - 2 potions of might
Comestibles
 c - 15 rations


   Skills:
 + Level 8.7 Fighting
 * Level 11.7 Polearms
 + Level 8.8 Dodging
 + Level 11.4 Stealth
 - Level 4.0 Shields


You had 10 spell levels left.
You didn't know any spells.
Your spell library was empty.

Dungeon Overview and Level Annotations

Branches:
Dungeon (12/15)            Temple (0/1) D:7             Orc (0/2) D:9
   Lair: D:8-11

Altars:
Ashenzari
Dithmenos
Elyvilon
Fedhas
Gozag
Hepliaklqana
Makhleb
Okawaru
Ru
Sif Muna
Trog
Xom
Zin
The Shining One

Shops:
D:5 %   D:11 %


Innate Abilities, Weirdness & Mutations

You cannot wear most types of armour.
You are very stealthy in the water. (Stealth+)
You are amphibious.
You can wear up to eight rings at the same time.
You can use your tentacles to constrict eight enemies at once.
Your skin changes colour to match your surroundings (Stealth+).
Your rubbery body absorbs attacks. (AC +1, EV +1)


Message History

* * * LOW HITPOINT WARNING * * *
You puncture the killer bee!
You kill the killer bee!
Trog accepts your kill.
You feel sick. The killer bee misses you.
You miss the killer bee. Your grab misses the killer bee.
You barely miss the killer bee. Your grab misses the killer bee.
Your squeeze misses the killer bee. The killer bee completely misses you.
The killer bee closely misses you.
You puncture the killer bee! You grab the killer bee.
The killer bee is severely wounded.
You constrict the killer bee. You block the killer bee's attack.
The killer bee completely misses you.
You impale the killer bee!!
You kill the killer bee!
Trog accepts your kill.
You feel sick. The killer bee stings you!
* * * LOW HITPOINT WARNING * * *
The killer bee stings you.
You die...

### #.. #.# #.# #.#
###########################.#
#......>.................##.# #
#.####.##.############...##.# ##
##.###....)..@># #.#.##.#
.###...##..##.###y# #.#.##.#
...........##.# #.# #.#.##..
.##.....#.###.###.###### #.#.....
.......................###.#.####
.##.#.#.#.###.#<...........#.#
.##.....#.# #.#.#.####.#####.#
.####.###.###.#.#.# #.# #.# .#
#.###.........# ##.## #.#


You could see a killer bee.

Vanquished Creatures
  Gastronok (D:9)
  A two-headed ogre (D:7)
  A cyclops (D:12)
  A queen bee (D:8)
  4 hippogriffs
  Sigmund (D:5)
  A shadow (D:11)
  A wyvern (D:7)
  12 yaks
  2 hungry ghosts
  2 wargs (D:10)
  A soldier ant (D:11)
  3 water moccasins
  7 ice beasts
  An orc warrior (D:10)
  3 sky beasts
  3 black bears
  4 phantoms
  An eye of draining (D:9)
  3 ogres
  3 centaurs
  2 big kobolds
  4 bullfrogs
  5 scorpions
  16 killer bees
  2 howler monkeys
  2 centaur zombies
  5 crimson imps
  2 quasits
  2 bullfrog zombies
  A bullfrog skeleton (D:5)
  A jelly (D:5)
  2 centaur skeletons
  6 hounds
  2 orc priests (D:5)
  Crazy Yiuf (D:2)
  Jessica (D:2)
  5 iguanas
  10 orc wizards
  8 worker ants
  6 ogre zombies (D:9)
  2 hound skeletons
  11 adders
  An ooze (D:5)
  An adder zombie (D:5)
  4 worms
  3 dart slugs
  3 leopard geckos
  31 orcs
  A ball python (D:3)
  6 giant cockroaches
  4 goblins
  7 hobgoblins (D:1)
  7 quokkas
  5 bats
  3 frilled lizards
  A goblin skeleton (D:9)
  2 goblin zombies (D:9)
  6 kobolds
  A leopard gecko skeleton (D:8)
  4 orc skeletons (D:9)
  12 orc zombies
  A quokka skeleton (D:8)
  6 rats
261 creatures vanquished.

Vanquished Creatures (others)
  2 plants (D:11)
2 creatures vanquished.

Grand Total: 263 creatures vanquished

Notes
Turn   | Place    | Note
-------+----------+-------------------------------------------
     0 | D:1      | MirrMurr the Octopode Berserker began the quest for the
                  | Orb.
     0 | D:1      | Reached XP level 1. HP: 16/16 MP: 1/1
   232 | D:1      | Reached XP level 2. HP: 15/21 MP: 2/2
   238 | D:1      | Reached skill level 1 in Stealth
   435 | D:1      | Reached XP level 3. HP: 26/26 MP: 3/3
   819 | D:2      | Found a burning altar of Makhleb.
   925 | D:2      | Reached XP level 4. HP: 21/31 MP: 4/4
  1107 | D:2      | Reached ** piety under Trog
  1132 | D:2      | Noticed Jessica
  1135 | D:2      | Killed Jessica
  1383 | D:2      | Found a runed door.
  1387 | D:2      | Noticed Crazy Yiuf
  1391 | D:2      | Killed Crazy Yiuf
  1391 | D:2      | Reached XP level 5. HP: 36/36 MP: 5/5
  2153 | D:3      | Noticed a big kobold
  2158 | D:3      | Killed a big kobold
  2158 | D:3      | Reached XP level 6. HP: 38/43 MP: 6/6
  2337 | D:4      | Reached skill level 5 in Polearms
  2506 | D:4      | Reached XP level 7. HP: 41/48 MP: 7/7
  2875 | D:4      | Found a hazy altar of Hepliaklqana.
  2876 | D:4      | Found a shimmering altar of Xom.
  2876 | D:4      | Noticed a tentacled monstrosity
  2877 | D:4      | Noticed a tentacled monstrosity
  2877 | D:4      | Noticed a spectral ugly thing
  2933 | D:5      | Entered Level 5 of the Dungeon
  3105 | D:5      | Reached skill level 5 in Stealth
  3123 | D:5      | Found a shattered altar of Ashenzari.
  3148 | D:5      | Reached XP level 8. HP: 26/54 MP: 8/8
  3149 | D:5      | Reached *** piety under Trog
  3344 | D:5      | Noticed Sigmund
  3353 | D:5      | Killed Sigmund
  3353 | D:5      | Reached skill level 5 in Fighting
  3353 | D:5      | Reached skill level 5 in Dodging
  3434 | D:5      | Found Moumasef's Food Shop.
  4199 | D:6      | Reached XP level 9. HP: 48/62 MP: 9/9
  4744 | D:6      | Found a glowing silver altar of Zin.
  5228 | D:7      | Found a staircase to the Ecumenical Temple.
  5246 | D:7      | Found a shadowy altar of Dithmenos.
  5258 | D:7      | Found a glowing golden altar of the Shining One.
  5260 | D:7      | Found a sacrificial altar of Ru.
  5266 | D:7      | Found a blossoming altar of Fedhas.
  5266 | D:7      | Found a bloodstained altar of Trog.
  5266 | D:7      | Found a white marble altar of Elyvilon.
  5267 | D:7      | Found a deep blue altar of Sif Muna.
  5369 | D:7      | Reached skill level 1 in Shields
  6599 | D:8      | Noticed a two-headed ogre
  6601 | D:8      | Noticed a queen bee
  6616 | D:7      | Killed a two-headed ogre
  6616 | D:7      | Reached **** piety under Trog
  6616 | D:7      | Reached XP level 10. HP: 50/69 MP: 7/10
  7221 | D:8      | Found an iron altar of Okawaru.
  8232 | D:8      | Reached skill level 10 in Polearms
  8859 | D:9      | Found a staircase to the Orcish Mines.
  9136 | D:9      | Found a white marble altar of Elyvilon.
  9413 | D:9      | Reached skill level 10 in Stealth
  9413 | D:9      | Reached XP level 11. HP: 60/76 MP: 8/11
  9635 | D:9      | Noticed Gastronok
  9652 | D:9      | Killed Gastronok
  9894 | D:9      | Found an opulent altar of Gozag.
 10133 | D:10     | Entered Level 10 of the Dungeon
 10439 | D:10     | You fall through a shaft for 2 floors!
 10439 | D:12     | Noticed a cyclops
 10445 | D:12     | Killed a cyclops
 11716 | D:10     | HP: 1/78 [warg (11)]
 11961 | D:11     | Found Fehimoc's Food Boutique.
 12209 | D:10     | HP: 3/117 [killer bee (7)]
 12210 | D:10     | Slain by a killer bee

Vault maps used:
D:1:      dpeg_arrival_short_road, corexii_leaking_fountain,
          hangedman_decor_clover_reticule, hex_medium
D:2:      bloody_makhleb, first_ration, hangedman_decor_peaks_small,
          kennysheep_generic_room_8, uniq_crazy_yiuf_cottage, uniq_jessica
D:4:      regret_index_temple_of_mockery, kennysheep_generic_room_9
D:5:      lemuel_crystal_altar, serial_shops, shop, uniq_sigmund
D:6:      lemuel_crystal_altar
D:7:      minmay_opposing_rooms, grunt_temple_overflow_open, temple_pool_b,
          kennysheep_generic_room_2
D:8:      okawaru_metal_pillars_1_2, david_nohive_1, grunt_decor_mini_mirrors,
          minivault_23, minmay_misc_feat_more_columns
D:9:      zombieorc1_lemuel, basic_altar, grunt_ministairs_6, elyvilon_altar_5,
          uniq_gastronok
D:11:     erik_lair_orcish_takeover, serial_shops, shop,
          gammafunk_ghost_necromancy
D:12:     minmay_misc_feat_chi, minivault_11, st_stairs_8, uniq_josephine,
          uniq_erolcha

Skill      XL: |  1  2  3  4  5  6  7  8  9 10 11 |
---------------+----------------------------------+-----
Stealth        | 1 2 3 4 5 7 8 10 11 | 11.4
Polearms       | 4 5 6 7 9 10 11 | 11.7
Fighting       | 4 5 6 7 8 |  8.7
Dodging        | 4 5 6 7 8 |  8.8
Shields        | 3 4 |  4.0

Action                   |  1- 3 |  4- 6 |  7- 9 | 10-12 || total
-------------------------+-------+-------+-------+-------++-------
Melee: Spear             |    69 |   128 |    35 |       ||   232
       Constrict         |    16 |    22 |    42 |    42 ||   122
       Tentacles         |     9 |    19 |    44 |   110 ||   182
       Trident           |       |       |   228 |   461 ||   689
 Fire: Hunting sling     |       |       |    77 |    15 ||    92
Throw: Stone             |       |       |       |     1 ||     1
Invok: Berserk           |       |     3 |     5 |     6 ||    14
       Trog's Hand       |       |       |     3 |     5 ||     8
  Use: Scroll            |       |     9 |     1 |     9 ||    19
       Potion            |       |       |       |     2 ||     2
 Stab: Sleeping          |     7 |     9 |    14 |    29 ||    59
       Distracted        |       |     1 |       |     1 ||     2
  Eat: Chunk             |       |     7 |    15 |    19 ||    41
       Ration            |       |       |     1 |     2 ||     3
Armor: Skin              |     4 |     9 |     1 |    15 ||    29
Dodge: Dodged            |    25 |    49 |   162 |   267 ||   503
Block: Buckler           |       |       |    23 |    69 ||    92

Table legend:
 A = Non-vault XP
 B = Vault XP
 C = Vault XP percentage of total XP
 D = Non-vault monster count
 E = Vault monster count
 F = Vault count percentage of total count
                 A         B        C        D         E       F
            +---------+---------+-------+---------+---------+-------
      Total |   11444 |    5828 |  33.7 |     197 |      64 |  24.5
            +---------+---------+-------+---------+---------+-------
        D:1 |      35 |       0 |   0.0 |      18 |       0 |   0.0
        D:2 |      64 |      75 |  54.0 |      13 |       3 |  18.8
        D:3 |     179 |       0 |   0.0 |      23 |       0 |   0.0
        D:4 |     453 |       3 |   0.7 |      16 |       1 |   5.9
        D:5 |    1286 |     231 |  15.2 |      29 |       1 |   3.3
        D:6 |     518 |       0 |   0.0 |       9 |       0 |   0.0
        D:7 |    1820 |     892 |  32.9 |      13 |      13 |  50.0
        D:8 |    1274 |     950 |  42.7 |      21 |      12 |  36.4
        D:9 |    1993 |    2795 |  58.4 |      13 |      30 |  69.8
       D:10 |    1536 |     332 |  17.8 |      23 |       3 |  11.5
       D:11 |    2286 |       0 |   0.0 |      19 |       0 |   0.0
       D:12 |       0 |     550 | 100.0 |       0 |       1 | 100.0
            +---------+---------+-------+---------+---------+-------
